 Dungeon Crawl Stone Soup version 0.24-a0-417-g1cce26a4d2 (webtiles) character file.

Game seed: 3757641334183772158

37 Ilgrip the Vexing (level 3, 26/26 HPs)
             Began as a Demonspawn Arcane Marksman on June 11, 2019.
             Quit the game on level 1 of the Dungeon.
             The game lasted 00:00:31 (712 turns).

Ilgrip the Vexing (Demonspawn Arcane Marksman)       Turns: 712, Time: 00:00:32

Health: 26/26      AC:  4    Str: 10    XL:     3   Next: 23%
Magic:  4/4        EV: 12    Int: 15    God:
Gold:   40         SH:  0    Dex: 13    Spells: 3/4 levels left

rFire    . . .     SeeInvis .   a - +0 hunting sling
rCold    . . .     Gourm    .   (no shield)
rNeg     . . .     Faith    .   e - +0 robe
rPois    .         Spirit   .   (no helmet)
rElec    .         Reflect  .   (no cloak)
rCorr    .         Harm     .   (no gloves)
MR       .....                  (no boots)
Stlth    +.........             (no amulet)
HPRegen  0.08/turn              (no ring)
MPRegen  0.09/turn              (no ring)

@: no status effects
A: claws 1, slimy green scales 1
a: no special abilities


You were on level 1 of the Dungeon.
You were not hungry.

You visited 1 branch of the dungeon, and saw 1 of its levels.

You collected 40 gold pieces.

Inventory:

Hand Weapons
 a - a +0 hunting sling (weapon)
Missiles
 d - 41 sling bullets (quivered)
 h - 43 stones
Armour
 e - a +0 robe (worn)
Jewellery
 m - an uncursed ring of flight {unknown}
Scrolls
 c - 2 scrolls of fear {unknown}
 g - 2 scrolls of remove curse {unknown}
 i - a scroll of random uselessness {unknown}
 j - a scroll of teleportation {unknown}
 k - a scroll of magic mapping {unknown}
Potions
 b - a potion of agility {unknown}
 l - a potion of curing {unknown}
 n - a potion of brilliance {unknown}
Comestibles
 f - a ration


   Skills:
 + Level 1.3 Fighting
 + Level 2.4 Slings
 + Level 2.3 Dodging
 + Level 1.0 Spellcasting
 + Level 3.4 Hexes


You had 3 spell levels left.
You knew the following spells:

 Your Spells              Type           Power        Failure   Level  Hunger
a - Corona                Hex            ##.....      6%          1    ##.....

Your spell library contained the following spells:

 Spells                   Type           Power        Failure   Level  Hunger
 Slow                     Hex            ##......     9%          2    ###....
 Inner Flame              Hex/Fire       #.......     36%         3    ####...
 Portal Projectile        Hex/Tloc       #.....       36%         3    ####...
 Cause Fear               Hex            ##........   52%         4    #####..
 Leda's Liquefaction      Hex/Erth       #.........   77%         4    #####..


Dungeon Overview and Level Annotations

Branches:
Dungeon (1/15)

Altars:
Cheibriados


Innate Abilities, Weirdness & Mutations

You have sharp fingernails.
You are partially covered in slimy green scales. (AC +2)


Message History

You see here 16 bolts.
You see here 20 bolts.
Key pressed, stopping explore.
No target in view!
A frilled lizard comes into view.
Firing (i - inventory. (/) - cycle)
d - 41 sling bullets (quivered)
Press: ? - help, Shift-Dir - straight line, f - frilled lizard
Aim: a frilled lizard (resting)
You shoot a sling bullet.
The sling bullet hits the frilled lizard.
You kill the frilled lizard!
d - 41 sling bullets (gained 1) As you open the door, it creaks loudly!
There is an open door here.
Partly explored, can't reach some items.
No target in view!
Unknown command.
Partly explored, can't reach some items.
Partly explored, can't reach some items.
Are you sure you want to abandon this character and quit the game? (Confirm with "yes".)

#.#####'#######.#.
#.#...........#.##
#.###########.#.#
#.#...........#.#
#.#.#.#.#######.#
#...#.#...P(#...#
#####.########.##
#...............#
#@######.######.#
#......#.#<.....#
#################


There were no monsters in sight!

Vanquished Creatures
  A gnoll (D:1)
  An ooze (D:1)
  2 dart slugs (D:1)
  2 bats (D:1)
  4 goblins (D:1)
  2 hobgoblins (D:1)
  2 frilled lizards (D:1)
  2 kobolds (D:1)
  6 rats (D:1)
22 creatures vanquished.

Notes
Turn   | Place    | Note
-------+----------+-------------------------------------------
     0 | D:1      | Ilgrip the Demonspawn Arcane Marksman began the quest for
                  | the Orb.
     0 | D:1      | Reached XP level 1. HP: 15/15 MP: 2/2
    38 | D:1      | Found a snail-covered altar of Cheibriados.
    43 | D:1      | Gained mutation: You have sharp fingernails. [demonic
                  | ancestry]
    43 | D:1      | Reached XP level 2. HP: 21/21 MP: 3/3
   260 | D:1      | Gained mutation: You are partially covered in slimy green
                  | scales. (AC +2) [demonic ancestry]
   260 | D:1      | Reached XP level 3. HP: 26/26 MP: 4/4
   712 | D:1      | Quit the game

Levels and vault maps discovered:
D:1:      onia_arrival_mini_maze_b, layout_basic, cheibriados_altar_1

Skill      XL: |  1  2 |
---------------+-------+-----
Dodging        | 2 |  2.3
Slings         | 2 |  2.4
Fighting       | |  1.3
Spellcasting   | |  1.0
Hexes          | |  3.4

Action                   || total
-------------------------++-------
 Fire: Hunting sling     ||    54
Armor: Robe              ||     1
Dodge: Dodged            ||     5

Table legend:
 A = Non-vault XP
 B = Vault XP
 C = Vault XP percentage of total XP
 D = Non-vault monster count
 E = Vault monster count
 F = Vault count percentage of total count
                 A         B        C        D         E       F
            +---------+---------+-------+---------+---------+-------
      Total |      54 |       0 |   0.0 |      22 |       0 |   0.0
            +---------+---------+-------+---------+---------+-------
        D:1 |      54 |       0 |   0.0 |      22 |       0 |   0.0
            +---------+---------+-------+---------+---------+-------
